 Dungeon Sprint DCSS version 0.30-a0-743-gbfdf073431 (webtiles) character file.

Game seed: 11701471639756252328

88 BigDaddyOpFi the Octopoid Disaster (level 4, -9/51 HPs)
             Began as an Octopode Fighter on Feb 6, 2023.
             Was a Believer of Qazlal.
             Mangled by Menkaure (18 damage)
             ... in the Dungeon (Sprint VII: "The Pits").
             The game lasted 00:00:39 (309 turns).

BigDaddyOpFi the Octopoid Disaster (OpFi)            Turns: 309, Time: 00:00:40

Health: -9/51      AC:  1    Str: 17    XL:     4   Next: 53%
Magic:  5/7        EV: 14    Int: 10    God:    Qazlal [**....]
Gold:   0          SH:  7    Dex: 11    Spells: 3/3 levels left

rFire   . . .      SeeInvis .    a - +0 war axe
rCold   . . .      Faith    .    b - +0 buckler
rNeg    . . .      Spirit   .    (helmet restricted)
rPois   .          Reflect  .    (no amulet)
rElec   .          Harm     .    (no ring)
rCorr   .          Rampage  .    (no ring)
Will    .....      NoTele   +    (no ring) Stlth
                                 (no ring)
HPRegen 0.28/turn                (no ring)
MPRegen 0.10/turn                (no ring)
                                 (no ring)
                                 (no ring)

@: berserking, lethally poisoned (-9 -> -10), very quick
A: almost no armour, amphibious, 8 rings, camouflage 1, gelatinous body 1,
(nimble swimmer 1), tentacles
a: Renounce Religion, Upheaval


You were in the Dungeon.
You worshipped Qazlal.
Qazlal was pleased with you.
You visited 1 branch

Inventory:

Hand Weapons
 a - a +0 war axe (weapon)
Armour
 b - a +0 buckler (worn)
Scrolls
 i - a scroll of blinking
Potions
 c - a potion of might
 f - a potion of haste
 g - 4 potions of magic
 h - 2 potions of berserk rage
 j - 2 potions of invisibility


   Skills:
 + Level 4.5 Fighting
 + Level 3.9 Axes
 + Level 4.6 Dodging
 + Level 4.6 Shields
 * Level 5.0 Invocations


You had 3 spell levels left.
You didn't know any spells.
Your spell library was empty.

Dungeon Overview and Level Annotations

Branches:
Dungeon (1/1)

Altars:
Ashenzari
Cheibriados
Dithmenos
Elyvilon
Fedhas
Gozag
Hepliaklqana
Kikubaaqudgha
Makhleb
Nemelex Xobeh
Okawaru
Qazlal
Ru
Sif Muna
Trog
Uskayaw
Vehumet
Wu Jian
Xom
Yredelemnul
Zin
The Shining One
Jiyva
Lugonu

Annotations:
D Menkaure


Innate Abilities, Weirdness & Mutations

You cannot wear most types of armour.
You are amphibious.
You can wear up to eight rings at the same time.
Your skin changes colour to match your surroundings (Stealth+).
Your rubbery body absorbs attacks. (AC +1, EV +1)
((You are camouflaged when in or above water. (Stealth+)))
You have tentacles for arms and can constrict up to eight enemies at once.


Message History

You are poisoned.
The scorpion poisons you!
You feel better.
You constrict the scorpion.
Menkaure shouts!
The scorpion barely misses you.
Menkaure casts a spell.
Menkaure seems to speed up.
You block the scorpion's attack.
You release your grip on the scorpion.
There is an open door here.
You slash the scorpion! Your grab misses the scorpion.
The scorpion is almost dead.
The scorpion closely misses you. The scorpion stings you.
You are poisoned.
The scorpion poisons you!
You closely miss the scorpion. You grab the scorpion. You squeeze the scorpion.
You kill the scorpion!
Qazlal accepts your kill.
You can now call upon nature to destroy your foes.
You feel very sick.
Menkaure calls on the powers of darkness!
Your body is wracked with pain!
Your Fighting skill increases to level 4!
Your Dodging skill increases to level 4!
Your Shields skill increases to level 4!
Your Invocations skill gained 2 levels and is now at level 5!
You have reached level 4!
You feel much better.
You feel sick. The kobold hits you with a +0 dagger.
You slash the kobold!
You kill the kobold!
Qazlal accepts your kill.
You feel sick. Menkaure misses you.
You slash Menkaure! Your grab misses Menkaure. Your squeeze misses Menkaure.
Menkaure is moderately damaged.
You feel sick. Menkaure hits you!!
Ouch! That really hurt!
* * * LOW HITPOINT WARNING * * *
A red film seems to cover your vision as you go berserk!
You feel yourself moving faster!
You feel mighty!
You feel sick. Menkaure hits you!!
You die...

#.?(.')))'.##......#.
##########.##........
#..........†'........
#+#####'#####......#.
#..#))# #........
#..†..# ####'####
#..#### #.......#
#..#M.# #.......#
#.@#K.# #.......#
##M#..#+###...<...#
#.B..B...##.......#
#........##.......#
###########.......#
#########


You could see Menkaure (fast) and a giant cockroach.

Vanquished Creatures
  A scorpion (D)
  2 gnolls (D)
  An ufetubus (D)
  A bat skeleton (D)
  A hobgoblin (D)
  A quokka (D)
  A kobold (D)
8 creatures vanquished.

Notes
Turn   | Place    | Note
-------+----------+-------------------------------------------
     0 | D        | BigDaddyOpFi the Octopode Fighter began the quest for the
                  | Orb.
     0 | D        | Reached XP level 1. HP: 16/16 MP: 1/1
    16 | D        | Found a bloodstained altar of Trog.
    16 | D        | Found a shimmering blue altar of Sif Muna.
    16 | D        | Found a viscous altar of Jiyva.
    16 | D        | Found a hazy altar of Hepliaklqana.
    16 | D        | Found an opulent altar of Gozag.
    17 | D        | Found a glowing golden altar of the Shining One.
    17 | D        | Found a glowing silver altar of Zin.
    17 | D        | Found a basalt altar of Yredelemnul.
    17 | D        | Found a shimmering altar of Xom.
    17 | D        | Found an ornate altar of the Wu Jian Council.
    17 | D        | Found a sacrificial altar of Ru.
    17 | D        | Found a stormy altar of Qazlal.
    17 | D        | Found an iron altar of Okawaru.
    17 | D        | Found a sparkling altar of Nemelex Xobeh.
    17 | D        | Found a burning altar of Makhleb.
    17 | D        | Found a blossoming altar of Fedhas.
    17 | D        | Found a white marble altar of Elyvilon.
    17 | D        | Found a shadowy altar of Dithmenos.
    17 | D        | Found a snail-covered altar of Cheibriados.
    18 | D        | Found a radiant altar of Vehumet.
    18 | D        | Found a corrupted altar of Lugonu.
    19 | D        | Found an ancient bone altar of Kikubaaqudgha.
    19 | D        | Found a hide-covered altar of Uskayaw.
    19 | D        | Found a broken altar of Ashenzari.
    26 | D        | Became a worshipper of Qazlal Stormbringer
    60 | D        | Reached skill level 2 in Invocations
    60 | D        | Reached XP level 2. HP: 7/21 MP: 1/3
   156 | D        | Reached * piety under Qazlal
   158 | D        | Reached skill level 3 in Invocations
   158 | D        | Reached XP level 3. HP: 27/27 MP: 5/5
   293 | D        | Noticed a scorpion
   299 | D        | Noticed Menkaure
   305 | D        | Killed a scorpion
   305 | D        | Reached ** piety under Qazlal
   306 | D        | Reached skill level 5 in Invocations
   306 | D        | Reached XP level 4. HP: 14/34 MP: 5/7
   309 | D        | Mangled by Menkaure

Illustrated notes

Levels and vault maps discovered:
D:        pitsprint [storerooms_1, entrance_room_1, metal_vault_2, armoury_1,
          mini_pit_1, grid_room_1, main_hall_1, silver_pit, the_coven_3,
          the_vestibule_1, steel_vault_5, golden_pit, hallway_of_sentries,
          crystal_vault_2, iron_vault_4, final_vault]

Skill      XL: |  1  2  3 |
---------------+----------+-----
Invocations    | 2 3 5 |  5.0
Axes           | 3 |  3.9
Fighting       | 4 |  4.5
Dodging        | 4 |  4.6
Shields        | 4 |  4.6

Action                     |  1- 3 |  4- 6 || total
---------------------------+-------+-------++-------
  Melee: War axe           |    16 |     2 ||    18
         Constrict         |     6 |       ||     6
         Tentacles         |     5 |       ||     5
    Use: Potion            |     1 |     2 ||     3
 Armour: Skin              |     1 |       ||     1
  Dodge: Dodged            |    14 |     1 ||    15
  Block: Buckler           |     6 |       ||     6

Table legend: (Time is in decaauts)
 A = Elapsed time spent in this place.
 B = Non-inter-level travel time spent in this place.
 C = Inter-level travel time spent in this place.
 D = Time resting spent in this place.
 E = Time spent auto-exploring this place.
 F = Levels seen in this place.
 G = Mean time per level.
                   A        B        C        D        E       F      G
               +--------+--------+--------+--------+--------+-----+--------+
         Total |    316 |    316 |      0 |    217 |      0 |   1 |  316.0 |
       Dungeon |    316 |    316 |      0 |    217 |      0 |   1 |  316.0 |
               +--------+--------+--------+--------+--------+-----+--------+

Top non-repeatable levels by time:
       D: 316 daAuts
